 Dungeon Crawl Stone Soup version 0.31.0-11-ge490571c62 (webtiles) character file.

Game seed: 15067964060202516481

910 Arctor the Magician (level 7, 0/36 HPs)
             Began as a Deep Elf Fire Elementalist on Feb 3, 2024.
             Killed from afar by Maggie (11 damage)
             ... with a bolt of fire
             ... on level 6 of the Dungeon.
             The game lasted 00:05:56 (5478 turns).

Arctor the Magician (Deep Elf Fire Elementalist)    Turns: 5478, Time: 00:05:57

Health: 0/36       AC:  4    Str:  5    XL:     7   Next: 81%
Magic:  2/17       EV: 14    Int: 22    God:
Gold:   377        SH:  0    Dex: 15    Spells: 11/17 levels left

rFire   + . .        d - +1 demon trident
rCold   . . .        (no shield)
rNeg    . . .        a - +0 robe
rPois   .            (no helmet)
rElec   .            (no cloak)
rCorr   .            v - +0 pair of gloves
SInv    .            q - +0 pair of boots
Will    .....        g - amulet of regeneration
Stlth   +++          m - ring of wizardry
HPRegen 1.06/turn    A - ring of protection from fire
MPRegen 0.15/turn

%: wizardry (x1)
@: no status effects
A: no striking features
a: no special abilities


You were on level 6 of the Dungeon.
You visited 2 branches of the dungeon, and saw 7 of its levels.

You collected 377 gold pieces.

Inventory:

Hand Weapons
 d - a +1 demon trident (weapon)
Missiles
 B - a throwing net
Armour
 a - a +0 robe (worn)
 q - a +0 pair of boots (worn)
 v - a +0 pair of gloves (worn)
Jewellery
 g - an amulet of regeneration (around neck)
 m - a ring of wizardry (left hand)
 A - a ring of protection from fire (right hand)
Wands
 k - a wand of roots (3)
 p - a wand of paralysis (4)
 s - a wand of acid (12)
Scrolls
 l - a scroll of noise {unknown}
 t - 2 scrolls of enchant armour
 u - a scroll of identify
 w - a scroll of blinking
 y - a scroll of teleportation {unknown}
 z - a scroll of fog {unknown}
 D - a scroll of silence {unknown}
Potions
 b - 2 potions of magic
 c - 3 potions of invisibility
 e - 2 potions of haste {unknown}
 f - a potion of degeneration {unknown}
 h - a potion of might {unknown}
 i - 4 potions of curing {unknown}
 j - 2 potions of heal wounds {unknown}
 n - 2 potions of lignification {unknown}
 o - 2 potions of cancellation {unknown}
 r - a potion of attraction {unknown}
 x - a potion of brilliance {unknown}
 C - a potion of berserk rage {unknown}


   Skills:
 + Level 2.5 Polearms
 + Level 4.9 Dodging
 + Level 5.3 Stealth
 + Level 5.5 Spellcasting
 + Level 4.0 Conjurations
 + Level 5.0 Fire Magic


You had 11 spell levels left.
You knew the following spells:

 Your Spells              Type           Power      Damage    Failure   Level
a - Foxfire               Conj/Fire      100%       2x1d9     1%          1
b - Scorch                Fire           56%        2d7       1%          2
c - Volatile Blastmotes   Fire/Tloc      34%        2d12      4%          3

Your spell library contained the following spells:

 Spells                   Type           Power      Damage    Failure   Level
 Momentum Strike          Conj/Tloc      30%        3d8       2%          2
 Inner Flame              Hex/Fire       17%        N/A       4%          3
 Blink                    Tloc           12%        N/A       6%          2
 Flame Wave               Conj/Fire      26%        2d8       6%          4
 Teleport Other           Tloc           6%         N/A       12%         3
 Summon Forest            Summ/Tloc      3%         N/A       69%         5
 Monstrous Menagerie      Summ           3%         N/A       100%        7


Dungeon Overview and Level Annotations

Branches:
Dungeon (6/15)             Temple (1/1) D:5

Altars:
Ashenzari
Elyvilon
Fedhas
Gozag
Hepliaklqana
Nemelex Xobeh
Ru
Trog
Uskayaw
Wu Jian
Yredelemnul

Shops:
D:2 ?

Annotations:
D:6 Maggie


Message History

You puncture Maggie!
Maggie is heavily wounded.
Maggie barely misses you.
Casting: Scorch (safe; 1% risk of failure)
Confirm with . or Enter, or press ? or * to list all spells.
Flames lash Maggie but do no damage.
Maggie hits you but does no damage.
You closely miss Maggie.
Maggie is heavily wounded.
Maggie hits you with a +0 war axe!
You hit Maggie but do no damage.
Maggie is heavily wounded.
Maggie shouts, "Leave me alone!"
Maggie hits you with a +0 war axe.
Casting: Scorch (safe; 1% risk of failure)
Confirm with . or Enter, or press ? or * to list all spells.
Flames lash the orc.
The orc is almost dead.
The orc's fire resistance burns away.
Maggie misses you.
You hit Maggie.
Maggie is heavily wounded.
Maggie hits you with a +0 war axe.
You hit Maggie but do no damage.
Maggie is heavily wounded.
You break out of your daze.
Maggie hits you with a +0 war axe. Maggie hits you with a +0 war axe!
Casting: Scorch (safe; 1% risk of failure)
Confirm with . or Enter, or press ? or * to list all spells.
Flames lash Maggie but do no damage.
The orc is no longer more vulnerable to fire.
Maggie hits you with a +0 war axe.
* * * LOW HITPOINT WARNING * * *
Unknown command.
Casting: Scorch (safe; 1% risk of failure)
Confirm with . or Enter, or press ? or * to list all spells.
You don't have enough magic to cast this spell.
You closely miss Maggie.
Maggie is heavily wounded.
Maggie gestures at you while chanting. The bolt of fire hits you! You resist.
You die...

### ### ### ##.##
##.## ##.##
#...###...###...####
..⌠..'..⌠..'..⌠.@@{#
#...###.[.#+#...##o#
##.## ##.## ##.## ..
.### ### ### ## ..#
..+ ..# .## ##


You could see Maggie and an orc.

Vanquished Creatures
  An ogre (D:5)
  A phantom (D:4)
  2 scorpions
  A bombardier beetle (D:4)
  4 hounds
  2 orc priests (D:5)
  Ijyb (D:4)
  2 sleepcaps (D:5)
  Natasha (thrice) (D:3)
  3 iguanas
  An orc wizard (D:4)
  4 gnolls (D:5)
  3 adders
  4 ufetubi (D:5)
  A dart slug (D:1)
  A ribbon worm (D:2)
  12 orcs
  9 endoplasms
  3 giant cockroaches
  4 goblins
  3 hobgoblins
  8 jackals
  3 kobolds
  3 quokkas
  3 ball pythons
  2 bats
  5 rats
89 creatures vanquished.

Vanquished Creatures (others)
  452 foxfires
452 creatures vanquished.

Grand Total: 541 creatures vanquished

Notes
Turn   | Place    | Note
-------+----------+-------------------------------------------
     0 | D:1      | Arctor the Deep Elf Fire Elementalist began the quest for
                  | the Orb.
     0 | D:1      | Reached XP level 1. HP: 10/10 MP: 6/6
   459 | D:1      | Reached XP level 2. HP: 15/15 MP: 8/8
   508 | D:1      | Learned a level 2 spell: Scorch
  1362 | D:2      | Reached XP level 3. HP: 19/19 MP: 6/9
  1387 | D:2      | Found Weshruguti's Magic Scroll Emporium.
  2447 | D:3      | Noticed Natasha
  2452 | D:3      | Killed Natasha
  2566 | D:3      | Reached XP level 4. HP: 24/24 MP: 8/11
  2638 | D:3      | Noticed Natasha
  2650 | D:3      | Killed Natasha
  2651 | D:3      | Reached skill level 1 in Polearms
  2726 | D:3      | Noticed Natasha
  2729 | D:3      | Killed Natasha
  2858 | D:4      | Reached XP level 5. HP: 28/28 MP: 5/13
  3101 | D:4      | Noticed Ijyb
  3111 | D:4      | Killed Ijyb
  3293 | D:4      | Noticed a phantom
  3301 | D:4      | Killed a phantom
  3302 | D:4      | Reached XP level 6. HP: 32/32 MP: 8/14
  3503 | D:4      | Found a basalt altar of Yredelemnul.
  3522 | D:4      | Learned a level 3 spell: Volatile Blastmotes
  3742 | D:4      | Found an ornate altar of the Wu Jian Council.
  4166 | D:5      | Entered Level 5 of the Dungeon
  4181 | D:5      | Reached XP level 7. HP: 36/36 MP: 5/16
  4269 | D:5      | Found a broken altar of Ashenzari.
  4309 | D:5      | Reached skill level 5 in Spellcasting
  4380 | D:5      | Got Ojoillogiet's Parchment of Topological Leadership
  4715 | D:5      | Found a staircase to the Ecumenical Temple.
  4767 | D:5      | Reached skill level 5 in Stealth
  4770 | Temple   | Entered the Ecumenical Temple
  5125 | D:5      | Reached skill level 5 in Fire Magic
  5458 | D:6      | Noticed Maggie
  5478 | D:6      | Killed from afar by Maggie

Illustrated notes

Levels and vault maps discovered:
D:1:      roadster_arrival_rocket_large, layout_loops_corners
D:2:      layout_loops_ring, serial_shops, shop, minmay_hedge_maze,
          minmay_misc_feat_square
D:3:      layout_rooms, uniq_natasha
D:4:      layout_basic, nicolae_wu_jian_immortal_techniques, lemuel_round_altar,
          uniq_ijyb
D:5:      layout_basic, lemuel_round_altar, temple_doors_e,
          gup_sewer_entry_bowl, solitary_fountain
D:6:      layout_loops_corners, grunt_temple_overflow_magic_moments,
          marbit_many_paths, serial_shops, nicolae_shop_window_shopping,
          minmay_strange_pillars, nicolae_hexahallways, uniq_maggie
Temple:   nicolae_temple_superstar

Skill      XL: |  1  2  3  4  5  6  7 |
---------------+----------------------+-----
Dodging        | 3 4 |  4.9
Stealth        | 3 4 5 |  5.3
Conjurations   | 2 3 4 |  4.0
Polearms       | 1 2 |  2.5
Spellcasting   | 4 5 |  5.5
Fire Magic     | 4 5 |  5.0

Action                     |  1- 3 |  4- 6 |  7- 9 || total
---------------------------+-------+-------+-------++-------
  Melee: Demon trident     |    35 |     9 |    36 ||    80
         Punch             |       |       |     1 ||     1
   Cast: Foxfire           |    77 |   102 |    83 ||   262
         Scorch            |       |    12 |    15 ||    27
    Use: Scroll            |     7 |     1 |       ||     8
   Stab: Sleeping          |     5 |       |       ||     5
 Armour: Robe              |    16 |    25 |    29 ||    70
  Dodge: Dodged            |    15 |    26 |    19 ||    60
